 Dungeon Crawl Stone Soup version 0.19.0-16-g73b5abf (webtiles) character file.

151 Pororoca the Spear-Bearer (level 5, -7/38 HPs)
             Began as a Merfolk Gladiator on Nov 10, 2016.
             Mangled by an orc
             ... wielding a +1 hand axe of electrocution
              (20 damage)
             ... on level 3 of the Dungeon.
             The game lasted 00:03:30 (2313 turns).

Pororoca the Spear-Bearer (Merfolk Gladiator)       Turns: 2313, Time: 00:03:31

Health: -7/38      AC:  4    Str: 15    XL:     5   Next: 33%
Magic:  5/5        EV: 14    Int:  7    God:
Gold:   125        SH:  0    Dex: 16    Spells: 0 memorised, 4 levels left

rFire  . . .     SeeInvis .     a - +0 trident
rCold  . . .     Gourm    .     b - +0 leather armour
rNeg   . . .     Faith    .     (no shield)
rPois  .         Spirit   .     c - +0 helmet
rElec  .         Reflect  .     (no cloak)
rCorr  .         Harm     .     (no gloves)
MR     .....                    (no boots)
Stlth  +.........               (no amulet)
                                (no ring)
                                (no ring)

@: no status effects
A: change form in water, swift swim, stealthy swim
a: no special abilities


You were on level 3 of the Dungeon.
You were not hungry.

You visited 1 branch of the dungeon, and saw 3 of its levels.

You collected 125 gold pieces.

Inventory:

Hand Weapons
 a - a +0 trident (weapon)
Missiles
 d - 3 throwing nets (quivered)
Armour
 b - a +0 leather armour (worn)
 c - a +0 helmet (worn)
Scrolls
 e - 3 scrolls of identify
 g - a scroll of immolation
 j - a scroll of amnesia {unknown}
 k - a scroll of fog {unknown}
Potions
 l - a potion of invisibility
 n - a potion of curing {unknown}
Comestibles
 f - 3 bread rations
 h - a meat ration
 i - 2 slices of pizza
 m - a royal jelly
 o - 8 chunks of flesh


   Skills:
 - Level 2.1 Fighting
 + Level 8.4 Polearms
 - Level 2.0 Throwing
 - Level 4.1 Dodging


You had 4 spell levels left.
You didn't know any spells.

Dungeon Overview and Level Annotations

Branches:
Dungeon (3/15)

Altars:
Yredelemnul

Annotations:
D:2 1 runed door
D:3 Pororoca's ghost, amateur MfGl


Message History

Attack whom?
Press: ? - help, Dir - move target cursor, f - adder
Aim: an adder You reach to attack!
The orc shouts!
You hit the adder.
The adder is moderately wounded.
You puncture the adder!
You kill the adder!
Found a leather armour.
You hit the orc.
The orc is lightly wounded.
The orc hits you with a hand axe of electrocution.
You are electrocuted!
You barely miss the orc.
The orc is lightly wounded.
The orc hits you with a hand axe of electrocution.
You are electrocuted!
Ouch! That really hurt!
You die...

...........##### .#
..................# .#
..................###.##
........................
..<.....................
........................
...........?......).....
.............#####).....
......o@....###..)......
........................
............#...........
.[..........#...........
............#...........
#####......##...........
#......####.........
#......# #.........
###.......


You could see an orc.

Vanquished Creatures
  A human zombie (D:2)
  3 adders
  An ooze (D:1)
  3 worms
  3 dart slugs
  3 leopard geckos
  6 orcs (D:3)
  4 bats
  3 giant cockroaches
  5 goblins
  5 hobgoblins
  8 jackals
  A quokka (D:2)
  4 ball pythons
  A frilled lizard (D:1)
  7 kobolds
  10 rats
68 creatures vanquished.

Notes
Turn   | Place    | Note
-------+----------+-------------------------------------------
     0 | D:1      | Pororoca the Merfolk Gladiator began the quest for the Orb.
     0 | D:1      | Reached XP level 1. HP: 16/16 MP: 1/1
   359 | D:1      | Reached skill level 5 in Polearms
   359 | D:1      | Reached XP level 2. HP: 13/22 MP: 2/2
   531 | D:1      | Reached XP level 3. HP: 27/27 MP: 3/3
   605 | D:1      | Reached skill level 6 in Polearms
  1095 | D:2      | Reached XP level 4. HP: 33/33 MP: 4/4
  1135 | D:2      | Reached skill level 7 in Polearms
  1330 | D:2      | Found a runed door.
  1330 | D:2      | Noticed a human
  1332 | D:2      | Found a basalt altar of Yredelemnul.
  1786 | D:2      | Reached XP level 5. HP: 30/38 MP: 5/5
  1941 | D:3      | Reached skill level 8 in Polearms
  1945 | D:3      | Noticed Pororoca's ghost (amateur MfGl)
  2313 | D:3      | Mangled by an orc

Skill      XL: |  1  2  3  4  5 |
---------------+----------------+-----
Polearms       | 5 6 7 8 |  8.4
Fighting       | |  2.1
Throwing       | |  2.0
Dodging        | |  4.1

Action                   |  1- 3 |  4- 6 || total
-------------------------+-------+-------++-------
Melee: Trident           |   127 |   131 ||   258
  Use: Scroll            |       |     2 ||     2
 Stab: Sleeping          |     3 |     1 ||     4
  Eat: Chunk             |     1 |     4 ||     5
Armor: Leather armour    |    38 |    18 ||    56
Dodge: Dodged            |   101 |    48 ||   149
